 Dungeon Crawl Stone Soup version 0.31-a0-1499-ge0622b2318 (webtiles) character file.

Game seed: 3033445552315687175

36974 TheScarfBastard the Severer (level 13, -10/122 HPs)
             Began as a Minotaur Berserker on Dec 29, 2023.
             Was a High Priest of Trog.
             Killed from afar by a deep elf knight (41 damage)
             ... with a shard of ice
             ... on level 2 of the Elven Halls.
             The game lasted 00:38:46 (10482 turns).

TheScarfBastard the Severer (Minotaur Berserker)   Turns: 10482, Time: 00:38:46

Health: -10/122    AC: 29    Str: 28    XL:     13   Next: 55%
Magic:  4/4        EV:  8    Int:  4    God:    Trog [*****.]
Gold:   560        SH: 14    Dex: 12    Spells: 12/12 levels left

rFire   . . .        X - +6 war axe (antimagic)
rCold   . . .        N - +2 kite shield {AC+3}
rNeg    . . .        p - +5 plate armour
rPois   .            (helmet restricted)
rElec   .            (no cloak)
rCorr   .            Q - +1 pair of gloves {Str+3}
SInv    .            (no boots)
Will    ++...        O - amulet of regeneration Stlth
                     S - +4 ring of slaying
HPRegen 2.20/turn    F - +4 ring of protection
MPRegen 0.09/turn

%: no passive effects
@: about to teleport, strong-willed, on berserk cooldown, regenerating, slowed,
very slow
A: horns 2, retaliatory headbutt
a: Renounce Religion, Berserk, Trog's Hand, Brothers in Arms


You were on level 2 of the Elven Halls.
You worshipped Trog.
Trog was extremely pleased with you.
You visited 3 branches of the dungeon, and saw 16 of its levels.

You collected 1339 gold pieces.
You spent 779 gold pieces at shops.

Inventory:

Hand Weapons
 a - a +1 hand axe
 n - a +3 hand axe of freezing
 D - the +5 spear of the Endless Expanse {heavy, rCorr Str+4}
   (You found it on level 6 of the Dungeon)

   Str+4:     It affects your strength (+4).
   rCorr:     It protects you from acid and corrosion.
 G - a +0 battleaxe
 K - a +4 war axe
 T - a +4 scimitar
 V - a +1 vampiric war axe
 X - a +6 antimagic war axe (weapon)
Armour
 f - a +1 scale mail
 i - a +0 tower shield
 p - a +5 plate armour (worn)
 I - +0 steam dragon scales
 N - a +2 kite shield of protection (worn)
 Q - a +1 pair of gloves of strength (worn)
 R - +0 acid dragon scales
 W - a +0 troll leather armour
Jewellery
 E - a ring of poison resistance
 F - a +4 ring of protection (right hand)
 M - an amulet of magic regeneration
 O - an amulet of regeneration (around neck)
 S - a +4 ring of slaying (left hand)
Talismans
 d - a serpent talisman
Wands
 r - a wand of polymorph (8)
 s - a wand of roots (11)
 y - a wand of flame (43)
 C - a wand of paralysis (12)
 L - a wand of quicksilver (9)
Scrolls
 o - 5 scrolls of teleportation
 q - a scroll of butterflies
 u - 3 scrolls of fog
 w - 2 scrolls of revelation
 x - a scroll of noise
 U - 3 scrolls of amnesia
 Z - a scroll of identify
Potions
 c - 4 potions of curing
 e - a potion of haste {unknown}
 g - 3 potions of mutation
 h - a potion of invisibility
 k - a potion of berserk rage {unknown}
 l - a potion of magic
 v - 2 potions of enlightenment
 A - a potion of cancellation {unknown}
 B - a potion of attraction {unknown}
 H - a potion of lignification {unknown}
 J - 9 potions of ambrosia
 P - a potion of brilliance


   Skills:
 + Level 13.4 Fighting
 + Level 17.5 Axes
 + Level 11.6 Armour
 + Level 4.0 Dodging
 + Level 0.6 Stealth
 + Level 13.4 Shields
 + Level 0.5 Unarmed Combat


You had 12 spell levels left.
You didn't know any spells.
Your spell library was empty.

Dungeon Overview and Level Annotations

Branches:
Dungeon (12/15)            Temple (0/1) D:6            Lair (0/5) D:10
    Orc (2/2) D:12            Elf (2/3) Orc:2

Altars:
Ashenzari
Dithmenos
Fedhas
Gozag
Hepliaklqana
Kikubaaqudgha
Makhleb
Okawaru
Sif Muna
Vehumet
Wu Jian
Xom
Yredelemnul
Zin
The Shining One

Shops:
D:5 (   D:8 =   D:10 *   Orc:2 ([(?   Elf:2 *

Annotations:
Elf:1 Donald


Innate Abilities, Weirdness & Mutations

You have a pair of horns on your head.
You reflexively headbutt those who attack you in melee.


Message History

The deep elf knight wields a +0 long sword.
The deep elf knight hits you but does no damage.
Something blocks your attack.
You barely miss the +2 mace of pain. You slash the deep elf knight!
The deep elf knight's magic leaks into the air.
The +2 mace of pain hits you but does no damage.
You hear some strange, mumbled words.
A shard of ice appears from out of thin air!
You block the shard of ice.
The deep elf knight hits you with a +0 long sword.
The deep elf pyromancer casts a spell at you.
The pyre arrow misses you. The +2 mace of pain hits you.
As you read the scroll of teleportation, it crumbles to dust.
You feel strangely unstable. You block the deep elf knight's attack.
The +2 mace of pain hits you but does no damage.
Something hits you but does no damage. x2
The deep elf pyromancer casts a spell.
The deep elf pyromancer blinks!
A deep elf knight comes into view. It is wielding a +0 long sword.
The deep elf pyromancer casts a spell.
The +2 mace of pain barely misses you. Something hits you. x2
The +0 heavy war axe hits you.
You slash the +2 mace of pain! You headbutt the +2 mace of pain.
The +2 mace of pain is heavily damaged.
You barely miss something. You barely miss the deep elf knight.
You barely miss something. You hit the +0 heavy war axe.
You block the deep elf knight's attack. The +2 mace of pain hits you!
You hear some strange, mumbled words.
A shard of ice appears from out of thin air!
The shard of ice hits you!
* * * LOW HITPOINT WARNING * * *
Something hits you but does no damage.
The deep elf pyromancer mumbles some strange words.
The deep elf pyromancer blinks!
The +2 mace of pain hits you but does no damage.
You block the deep elf knight's attack.
You hear some strange, mumbled words.
A shard of ice appears from out of thin air!
The shard of ice hits you!!!
You die...

.....###.......
.............e..
................
.............e..
........e.....
#○E.e........
#ee{(.......
#@.☼E☼°°..
#######(E..°°...
##......)'.......
##..⌠.....##......
##.........#
......
##..........#
.....
##...........#
#....
#..........⌠.#
....
#............# ...


You could see 2 deep elf knights, 2 deep elf pyromancers, 2 deep elf
zephyrmancers, 3 fire elementals and 2 dancing weapons.

Vanquished Creatures
  An orc warlord (Orc:2)
  The ghost of Laraso the Carver, a journeyman OnCA of Ignis (D:10)
  Erolcha (Orc:1)
  An ogre mage (Orc:1)
  3 two-headed ogres
  A boulder beetle (D:11)
  8 dancing weapons (Elf:2)
  2 orc high priests (Orc:2)
  Pikel (D:8)
  An ugly thing (D:11)
  2 orc knights (Orc:2)
  3 deep elf zephyrmancers
  An orc sorcerer (Orc:2)
  2 cyclopes
  A manticore (D:11)
  4 kobold blastminers (Orc:2)
  2 komodo dragons (D:11)
  A queen bee (D:10)
  10 trolls
  Grinder (D:6)
  2 wyverns
  A shadow (D:10)
  2 wraiths
  Sigmund (D:3)
  12 yaks
  5 vampire mosquitoes
  A steam dragon (D:7)
  5 wargs
  2 acid dragons
  Duvessa (D:5)
  2 water moccasins
  30 orc warriors
  A sky beast (D:7)
  13 ogres
  A centaur (D:8)
  3 lemures (D:8)
  A phantom (D:5)
  Blork the orc (D:4)
  4 kobold brigands
  4 bullfrogs
  2 scorpions
  2 gnoll sergeants (D:9)
  Dowan (D:5)
  8 wights
  28 killer bees (D:10)
  6 howler monkeys
  Crazy Yiuf (D:3)
  21 orc priests
  3 bombardier beetles
  5 hounds
  Ijyb (D:5)
  A gnoll bouda (D:9)
  20 orc wizards
  Natasha (thrice) (D:3)
  3 iguanas
  10 adders
  8 gnolls (D:9)
  4 shadow imps
  3 white imps
  4 ufetubi
  89 orcs
  7 endoplasms
  8 goblins
  10 hobgoblins
  4 jackals (D:3)
  22 kobolds
  5 quokkas
  7 ball pythons
  4 bats (D:1)
  3 frilled lizards
  25 rats
457 creatures vanquished.

Vanquished Creatures (collateral kills)
  An orc warlord (Orc:2)
  A deep elf knight (Elf:1)
  An orc sorcerer (Orc:2)
  2 deep elf zephyrmancers (Elf:1)
  3 deep elf pyromancers (Elf:1)
  A warg (Orc:2)
  2 orc warriors (Orc:2)
  An earth elemental (Elf:1)
  An orc priest (Orc:2)
  An orc wizard (Orc:2)
  An orc (Orc:2)
15 creatures vanquished.

Vanquished Creatures (others)
  An orc wizard (D:5)
1 creature vanquished.

Grand Total: 473 creatures vanquished

Notes
Turn   | Place    | Note
-------+----------+-------------------------------------------
     0 | D:1      | TheScarfBastard the Minotaur Berserker began the quest for
                  | the Orb.
     0 | D:1      | Reached XP level 1. HP: 19/19 MP: 0/0
   101 | D:1      | Reached skill level 4 in Axes
   101 | D:1      | Reached XP level 2. HP: 23/27 MP: 1/1
   514 | D:2      | Reached XP level 3. HP: 30/33 MP: 2/2
   836 | D:2      | Reached ** piety under Trog
  1180 | D:3      | Noticed Sigmund
  1185 | D:3      | Killed Sigmund
  1186 | D:3      | Reached skill level 5 in Fighting
  1186 | D:3      | Reached skill level 5 in Axes
  1186 | D:3      | Reached XP level 4. HP: 42/42 MP: 3/3
  1186 | D:3      | Reached XP level 5. HP: 48/48 MP: 4/4
  1292 | D:3      | Found a shimmering altar of Xom.
  1401 | D:3      | Found a runed translucent door.
  1402 | D:3      | Noticed Crazy Yiuf
  1409 | D:3      | Killed Crazy Yiuf
  1410 | D:3      | Reached skill level 6 in Axes
  1550 | D:3      | Noticed Natasha
  1557 | D:3      | Killed Natasha
  1558 | D:3      | Reached XP level 6. HP: 56/56 MP: 5/5
  1574 | D:3      | Noticed Natasha
  1581 | D:3      | Killed Natasha
  1682 | D:3      | Found a burning altar of Makhleb.
  1826 | D:3      | Noticed Natasha
  1835 | D:3      | Killed Natasha
  1907 | D:3      | Found a blossoming altar of Fedhas.
  2025 | D:4      | Found a shimmering blue altar of Sif Muna.
  2071 | D:4      | Reached *** piety under Trog
  2127 | D:4      | Noticed Blork the orc
  2136 | D:4      | Killed Blork the orc
  2137 | D:4      | Reached skill level 7 in Axes
  2351 | D:4      | Reached XP level 7. HP: 61/61 MP: 6/6
  2818 | D:5      | Entered Level 5 of the Dungeon
  2867 | D:5      | Found a basalt altar of Yredelemnul.
  2877 | D:5      | Reached skill level 5 in Armour
  2886 | D:5      | Reached **** piety under Trog
  2887 | D:5      | Reached skill level 1 in Shields
  3098 | D:5      | Found Exialiff's Weapon Shop.
  3125 | D:5      | Reached skill level 8 in Axes
  3165 | D:5      | Found a broken altar of Ashenzari.
  3233 | D:5      | Noticed Ijyb
  3243 | D:5      | Killed Ijyb
  3336 | D:5      | Noticed Duvessa
  3336 | D:5      | Noticed Dowan
  3352 | D:5      | Killed Duvessa
  3353 | D:5      | Reached XP level 8. HP: 57/70 MP: 7/7
  3369 | D:5      | Found an opulent altar of Gozag.
  3374 | D:5      | Killed Dowan
  3623 | D:6      | Reached skill level 9 in Axes
  3631 | D:6      | Found a shadowy altar of Dithmenos.
  3790 | D:6      | Noticed Grinder
  3801 | D:6      | Paralysed by Grinder for 3 turns
  3808 | D:6      | Paralysed by Grinder for 5 turns
  3818 | D:6      | Killed Grinder
  3973 | D:6      | Found a staircase to the Ecumenical Temple.
  4131 | D:6      | Found an iron altar of Okawaru.
  4142 | D:6      | Reached skill level 5 in Shields
  4158 | D:6      | Identified the +5 spear of the Endless Expanse {heavy,
                  | rCorr Str+4}
  4504 | D:6      | Found a glowing golden altar of the Shining One.
  4601 | D:7      | Reached XP level 9. HP: 76/79 MP: 8/8
  4696 | D:7      | Found an ornate altar of the Wu Jian Council.
  4716 | D:7      | Reached skill level 10 in Axes
  5006 | D:7      | You fall into a shaft and drop 1 floor!
  5368 | D:8      | Found a hazy altar of Hepliaklqana.
  5503 | D:8      | Reached skill level 11 in Axes
  5540 | D:8      | Found Hyges's Jewellery Shoppe.
  5541 | D:8      | Noticed Pikel
  5570 | D:8      | Killed Pikel
  5791 | D:8      | Reached XP level 10. HP: 89/89 MP: 9/9
  5880 | D:8      | Bought an amulet of regeneration for 390 gold pieces
  6111 | D:9      | Found an ancient bone altar of Kikubaaqudgha.
  6229 | D:9      | Noticed a two-headed ogre
  6239 | D:9      | Killed a two-headed ogre
  6240 | D:9      | Reached skill level 12 in Axes
  6365 | D:9      | Reached ***** piety under Trog
  6640 | D:10     | Entered Level 10 of the Dungeon
  6640 | D:10     | Found a staircase to the Lair.
  6640 | D:10     | Found a runed translucent gate.
  6640 | D:10     | Found a runed translucent gate.
  6640 | D:10     | Found a runed translucent gate.
  6642 | D:10     | Noticed Laraso's ghost (journeyman OnCA)
  6665 | D:10     | Reached skill level 13 in Axes
  6668 | D:10     | Killed Laraso's ghost
  6742 | D:10     | Noticed a two-headed ogre
  6751 | D:10     | Killed a two-headed ogre
  6752 | D:10     | Reached XP level 11. HP: 97/97 MP: 10/10
  6899 | D:10     | Received a gift from Trog
  7107 | D:10     | Reached skill level 14 in Axes
  7172 | D:10     | Reached skill level 10 in Fighting
  7233 | D:10     | Found Zin's Purification Station.
  7237 | D:10     | Found a glowing silver altar of Zin.
  7275 | D:10     | Found a radiant altar of Vehumet.
  7809 | D:11     | Noticed a white ugly thing
  7816 | D:11     | Noticed a two-headed ogre
  7822 | D:11     | Killed a white ugly thing
  7831 | D:11     | Killed a two-headed ogre
  7887 | D:11     | Reached skill level 10 in Shields
  8047 | D:11     | Noticed a boulder beetle
  8089 | D:11     | Killed a boulder beetle
  8090 | D:11     | Reached skill level 15 in Axes
  8115 | D:11     | Reached skill level 10 in Armour
  8485 | D:12     | Reached XP level 12. HP: 110/110 MP: 11/11
  8492 | D:12     | Found a staircase to the Orcish Mines.
  8505 | Orc:1    | Entered Level 1 of the Orcish Mines
  8513 | Orc:1    | Noticed an ogre mage
  8524 | Orc:1    | Killed an ogre mage
  8794 | Orc:1    | Noticed Erolcha
  8803 | Orc:1    | Killed Erolcha
  8970 | Orc:2    | Entered Level 2 of the Orcish Mines
  8983 | Orc:2    | Reached skill level 16 in Axes
  9045 | Orc:2    | Noticed an orc warlord
  9061 | Orc:2    | Killed an orc warlord
  9223 | Orc:2    | Received a gift from Trog
  9277 | Orc:2    | Found Ponahar's Magic Scroll Shoppe.
  9293 | Orc:2    | Bought a scroll of enchant weapon for 105 gold pieces
  9293 | Orc:2    | Bought a scroll of identify for 28 gold pieces
  9293 | Orc:2    | Bought a scroll of enchant armour for 105 gold pieces
  9293 | Orc:2    | Bought a scroll of identify for 28 gold pieces
  9387 | Orc:2    | Found a staircase to the Elven Halls.
  9450 | Orc:2    | Noticed an orc warlord
  9461 | Orc:2    | Killed an orc warlord
  9475 | Orc:2    | Found Kecwell's Antique Weapon Boutique.
  9479 | Orc:2    | Found Quwod's Antique Armour Shop.
  9502 | Orc:2    | Noticed an orc high priest
  9524 | Orc:2    | Killed an orc high priest
  9525 | Orc:2    | Reached skill level 17 in Axes
  9700 | Orc:2    | Reached XP level 13. HP: 113/119 MP: 4/12
  9885 | Orc:2    | Found Jimeypt's Weapon Shoppe.
 10198 | Elf:1    | Entered Level 1 of the Elven Halls
 10226 | Elf:1    | Noticed Donald
 10237 | Elf:1    | Paralysed by an air elemental for 1 turns
 10242 | Elf:1    | Paralysed by an air elemental for 1 turns
 10248 | Elf:1    | Paralysed by an air elemental for 1 turns
 10336 | Elf:2    | Found Fauj's General Store.
 10341 | Elf:2    | Bought a scroll of identify for 26 gold pieces
 10341 | Elf:2    | Bought a scroll of enchant weapon for 97 gold pieces
 10447 | Elf:2    | Found a runed translucent gate.
 10448 | Elf:2    | Found a runed translucent gate.
 10448 | Elf:2    | Found a runed translucent gate.
 10482 | Elf:2    | Killed from afar by a deep elf knight

Illustrated notes

Levels and vault maps discovered:
D:1:      psy_arrival_terrarium, layout_loops_ring,
          chequers_serial_rivers_room_b, minmay_misc_feat_doors
D:2:      layout_loops_cross, serial_forest, infiniplex_forest_lined_room_2,
          infiniplex_forest_zigzag_2, infiniplex_forest_corner_2,
          infiniplex_forest_join, infiniplex_forest_clump_double,
          infiniplex_forest_diagonal, infiniplex_forest_straight_5,
          infiniplex_forest_lined_corner, infiniplex_forest_diagonal,
          minmay_domino_2
D:3:      layout_loops_ring, mainiacjoe_overflow_swirl,
          mainiacjoe_overflow_tiny_flanked, marbit_many_paths,
          roderic_roman_lattice, uniq_crazy_yiuf_cottage, uniq_natasha,
          uniq_sigmund
D:4:      layout_basic, nicolae_sif_muna_condensation, minmay_rat_hole,
          uniq_blork_the_orc
D:5:      layout_basic, nicolae_gozag_cash_rules_everything_around_me,
          lemuel_crystal_altar, mainiacjoe_overflow_cross_hatched, serial_shops,
          nicolae_square_shop, uniq_duvessa, uniq_ijyb
D:6:      layout_loops_ring, overflow_temple_1_default,
          okawaru_ov_weapons_minmay, tso_altar, minmay_temple_entry_hall,
          kennysheep_generic_room_13, uniq_grinder
D:7:      kennysheep_windowed_halls, layout_rooms, nicolae_wu_jian_wuxing_cycle,
          nicolae_elemental_shop
D:8:      layout_loops_ring, kennysheep_little_box, serial_shops,
          nicolae_shop_hallway_plus, minmay_misc_feat_nine_boxes,
          hangedman_abyss_or_decor_clamps, due_unseen_surprise, uniq_pikel
D:9:      layout_rooms, nicolae_kikubaaqudgha_miasma_corner,
          minmay_fractal_squares_5
D:10:     layout_small_grid, lemuel_round_altar, zin_purify, lair_entry_dummy,
          biasface_ghost_orc_armoury, special_room [special_room_bee],
          roderic_lattice_a
D:11:     layout_roguey
D:12:     layout_roguey, erik_orc_3, minmay_protected_statue
Orc:1:    layout_caves, uniq_erolcha
Orc:2:    grunt_orc_community_town_hall, layout_caves,
          grunt_orc_community_big_house_2, grunt_orc_community_big_house_2,
          grunt_orc_community_house_1, grunt_orc_community_house_2,
          grunt_orc_community_house_1, grunt_orc_community_house_2
Elf:1:    eino_elf_arrival_sip, layout_loops_ring, serial_shops,
          nicolae_shop_competitors_out_of_business,
          kennysheep_underground_church, hex_large, minmay_shop_star,
          uniq_donald
Elf:2:    nicolae_elf_blades_crystal_corner, layout_gridlike, serial_shops,
          nicolae_shop_stone, uniq_jorgrun

Skill      XL: |  1  2  3  4  5  6  7  8  9 10 11 12 13 |
---------------+----------------------------------------+-----
Axes           | 4 5 6 7 8 9 11 13 15 17 | 17.5
Fighting       | 4 5 6 7 8 9 11 12 13 | 13.4
Armour         | 3 4 5 6 8 9 10 11 | 11.6
Dodging        | 3 4 |  4.0
Shields        | 3 5 6 8 10 12 13 | 13.4
Stealth        | |  0.6
Unarmed Combat | |  0.5

Action                     |  1- 3 |  4- 6 |  7- 9 | 10-12 | 13-15 || total
---------------------------+-------+-------+-------+-------+-------++-------
  Melee: Hand axe          |    75 |    86 |   150 |       |       ||   311
         Headbutt          |    15 |     7 |    46 |   111 |    16 ||   195
         Unarmed           |       |    11 |       |       |       ||    11
         Broad axe         |       |       |    75 |       |       ||    75
         War axe           |       |       |    48 |   550 |   100 ||   698
 Invoke: Berserk           |     1 |     1 |     6 |     7 |     2 ||    17
         Trog's Hand       |       |       |       |     2 |     3 ||     5
         Brothers in Arms  |       |       |       |     3 |     1 ||     4
    Use: Scroll            |     5 |     3 |     4 |     9 |     5 ||    26
         Potion            |       |       |     1 |     1 |     1 ||     3
 Armour: Animal skin       |    15 |       |       |       |       ||    15
         Scale mail        |    21 |    40 |       |       |       ||    61
         Skin              |       |     3 |       |       |       ||     3
         Plate armour      |       |     2 |   194 |   480 |   129 ||   805
  Dodge: Dodged            |    51 |    28 |    36 |   135 |    38 ||   288
  Block: Tower shield      |       |       |   183 |   112 |       ||   295
         Kite shield       |       |       |       |   322 |   102 ||   424

Table legend: (Time is in decaauts)
 A = Elapsed time spent in this place.
 B = Non-inter-level travel time spent in this place.
 C = Inter-level travel time spent in this place.
 D = Time resting spent in this place.
 E = Time spent auto-exploring this place.
 F = Levels seen in this place.
 G = Mean time per level.
                   A        B        C        D        E       F      G
               +--------+--------+--------+--------+--------+-----+--------+
         Total |  10589 |  10363 |    226 |      0 |   5945 |  16 |  661.8 |
       Dungeon |   8657 |   8434 |    223 |      0 |   5029 |  12 |  721.4 |
  Orcish Mines |   1644 |   1641 |      3 |      0 |    838 |   2 |  822.0 |
   Elven Halls |    287 |    287 |      0 |      0 |     78 |   2 |  143.5 |
               +--------+--------+--------+--------+--------+-----+--------+

Top non-repeatable levels by time:
   Orc:2: 1191 daAuts
     D:8: 1133 daAuts
    D:10: 995 daAuts
     D:6: 971 daAuts
     D:3: 897 daAuts
     D:4: 883 daAuts
     D:5: 810 daAuts
    D:11: 750 daAuts
     D:2: 565 daAuts
     D:9: 551 daAuts
     D:1: 504 daAuts
     D:7: 482 daAuts
   Orc:1: 452 daAuts
   Elf:2: 221 daAuts
    D:12: 113 daAuts
